AoeStats
← Xquis

Nomad

510176261Analyzed
3v3 RM · 3d ago on Sep 29, 2026· 50m 41s· 6 players
Game mode
Random Map
Map size
210×210
Population
200
Speed
Normal
Resources
Standard
Victory
Conquest
Starting age
Dark Age
Ending age
Imperial Age
RankedLock teamsTeams togetherTeam positionsShared explorationLock speedFull tech treeHidden civsTurbo modeCheats
Victory
Defeat
🇪🇸 Saracens · Spain
994
+14
🇹🇷 Japanese · Türkiye
941
+16
🇪🇸 Magyars · Spain
913
+18
🇺🇾 Vietnamese · Uruguay
986
-17
🇺🇾 Italians · Uruguay
984
-17
🇺🇾 Saracens · Uruguay
888
-14
SteppeFalcon
16:07 Feudal Age
16:47 Town Watch
16:50 Double-Bit Axe
16:58 Fishing Lines
17:37 Horse Collar
17:54 Gold Mining
17:58 Stone Mining
23:08 Castle Age
22:14 Forging
23:09 Scale Mail Armor
25:19 Wheelbarrow
24:56 Bow Saw
24:51 Heavy Plow
24:46 Gillnets
27:54 Iron Casting
28:37 Chain Mail Armor
42:35 Imperial Age
41:52 Yasama
44:48 Husbandry
44:10 Light Cavalry
45:01 Bloodlines
45:08 Scale Barding Armor
46:34 Hand Cart
47:39 Cavalier
Rey Rochelio
10:49 Loom
16:32 Feudal Age
20:46 Double-Bit Axe
23:48 Horse Collar
24:10 Fishing Lines
25:06 Town Watch
26:33 Arson
31:35 Scale Barding Armor
32:01 Gold Mining
32:02 Stone Mining
36:07 Castle Age
35:05 Bloodlines
35:39 Scale Mail Armor
35:40 Padded Archer Armor
35:31 Fletching
35:17 Man-at-Arms
38:42 Town Patrol
39:17 Wheelbarrow
39:45 Bow Saw
39:40 Heavy Plow
39:52 Bodkin Arrow
40:14 Chain Mail Armor
40:50 Medium Warships
40:02 Demolition Ship
41:42 Corvinian Army
43:13 Husbandry
43:38 Chain Barding Armor
43:34 Leather Archer Armor
45:46 Light Cavalry
47:37 Elite Skirmisher
Peluco el sabio
6:44 Loom
14:17 Feudal Age
19:24 Castle Age
17:14 Fishing Lines
17:50 Double-Bit Axe
18:02 Stone Mining
23:21 Gillnets
27:17 Wheelbarrow
28:51 Town Watch
30:16 Husbandry
37:03 Gold Mining
36:53 Elite Skirmisher
39:24 Bow Saw
42:18 Imperial Age
40:35 Padded Archer Armor
40:26 Fletching
41:37 Ballistics
42:30 Bimaristan
42:31 Capped Ram
44:08 Leather Archer Armor
43:48 Bodkin Arrow
45:00 Chemistry
46:33 Bloodlines
47:37 Ring Archer Armor
pylito
12:49 Loom
14:55 Feudal Age
15:28 Double-Bit Axe
16:13 Fishing Lines
20:06 Wheelbarrow
22:38 Forging
22:20 Fletching
25:09 Castle Age
26:01 Crossbowman
26:38 Bodkin Arrow
26:43 Padded Archer Armor
32:32 Leather Archer Armor
33:16 Bow Saw
34:28 Hand Cart
36:33 Gold Mining
40:06 Imperial Age
37:21 Horse Collar
38:39 Ballistics
38:35 Thumb Ring
39:38 Town Watch
40:04 Heavy Plow
42:38 Chemistry
41:19 Arbalester
46:38 Crop Rotation
Xquis
9:57 Loom
16:47 Feudal Age
26:42 Double-Bit Axe
27:44 Fletching
40:29 Castle Age
Omer->
5:55 Loom
13:51 Feudal Age
14:46 Double-Bit Axe
22:17 Castle Age
23:40 Wheelbarrow
22:51 Town Watch
28:29 Fletching
29:40 Bow Saw
30:26 Bodkin Arrow
Connection lost

Rejoining the realm…

Still unreachable

The connection could not be restored.

Session expired

The server has moved on; the page needs a fresh start.